3R
NORTHWEST TERRITORY BEAVERS @ MAINE SEA DOGS
07/27/2041
 
TOP OF THE 1ST
Northwest Territory Beavers batting - Pitching for Maine Sea Dogs : LHP Pabiyan Ajiganoff
Pitching: LHP Pabiyan Ajiganoff
Batting: RHB Art Hensley 0-0: Foul Ball, location: 2F
0-1: SINGLE (Line Drive, 34D, EV 97.5 MPH)
Batting: RHB Jeffrey Turner 0-0: Ball
1-0: Ball
2-0: SINGLE (Groundball, 6MD, EV 98.1 MPH)
Art Hensley to second
Batting: LHB Mies Lumme 0-0: Called Strike
0-1: Ball
1-1: Fly out, F8 (Flyball, 8LD, EV 89.4 MPH)
Batting: RHB Bang-xao Li 0-0: Ball
1-0: Ball
2-0: Foul Ball, location: 2F
2-1: Ball
3-1: Foul Ball, location: 2F
3-2: Strikes out swinging
Batting: LHB Fernan Espinoza 0-0: Ball
1-0: Called Strike
1-1: Ball
2-1: Called Strike
2-2: SINGLE (Groundball, 4, EV 82.5 MPH) (infield hit)
Art Hensley to third
Jeffrey Turner to second
Batting: RHB Benigno Bachelay 0-0: Swinging Strike
0-1: DOUBLE (Line Drive, 78M, EV 91.9 MPH)
Art Hensley scores
Jeffrey Turner scores
Fernan Espinoza to third
Runner from 3rd tries for Home, SAFE, throw by LF to home
Batting: LHB Rob Litten 0-0: Foul Ball, location: 2F
0-1: Fly out, F7 (Flyball, 78S, EV 91.2 MPH)
Top of the 1st over - 3 runs, 4 hits, 0 errors, 1 left on base; Northwest Territory 3 - Maine 0
BOTTOM OF THE 1ST
Maine Sea Dogs batting - Pitching for Northwest Territory Beavers : RHP Rob Bates
Pitching: RHP Rob Bates
Batting: LHB Bill Fisher 0-0: Foul Ball, location: 2F
0-1: Swinging Strike
0-2: Ball
1-2: Ball
2-2: Strikes out swinging
Batting: RHB Jesús Bonilla 0-0: Fly out, F8 (Flyball, 8RS, EV 93.1 MPH)
Batting: RHB Michael Lindsey 0-0: Foul Ball, location: 2F
0-1: Ball
1-1: Swinging Strike
1-2: Strikes out swinging
Bottom of the 1st over - 0 runs, 0 hits, 0 errors, 0 left on base; Northwest Territory 3 - Maine 0
TOP OF THE 2ND
Northwest Territory Beavers batting - Pitching for Maine Sea Dogs : LHP Pabiyan Ajiganoff
Batting: RHB Bartolo Cortéz 0-0: Foul Ball, location: 2F
0-1: Swinging Strike
0-2: Ball
1-2: Foul Ball, location: 2F
1-2: Ball
2-2: Foul Ball, location: 2F
2-2: Foul Ball, location: 2F
2-2: Ball
3-2: Base on Balls
Batting: RHB John Warren 0-0: Ball
1-0: Ball
2-0: Called Strike
2-1: Foul Ball, location: 2F
2-2: Strikes out looking
Batting: RHB Art Hensley 0-0: Foul Ball, location: 2F
0-1: Foul Ball, location: 2F
0-2: Strikes out looking
Batting: RHB Jeffrey Turner 0-0: Foul Ball, location: 2F
0-1: Fly out, F3 (Popup, 3SF, EV 86.2 MPH)
Top of the 2nd over - 0 runs, 0 hits, 0 errors, 1 left on base; Northwest Territory 3 - Maine 0
BOTTOM OF THE 2ND
Maine Sea Dogs batting - Pitching for Northwest Territory Beavers : RHP Rob Bates
Batting: LHB Juan Sapinoso 0-0: Foul Ball, location: 2F
0-1: Fly out, F5 (Popup, 5F, EV 76.2 MPH)
Batting: SHB George McMahon 0-0: Called Strike
0-1: Ball
1-1: Ball
2-1: Fly out, F8 (Line Drive, 8RM, EV 95.0 MPH)
Now in CF: Rich Kelley
Batting: RHB Michael Weber 0-0: Called Strike
0-1: Called Strike
0-2: Ball
1-2: Ground out 6-3 (Groundball, 6M, EV 105.6 MPH)
Bottom of the 2nd over - 0 runs, 0 hits, 0 errors, 0 left on base; Northwest Territory 3 - Maine 0
TOP OF THE 3RD
Northwest Territory Beavers batting - Pitching for Maine Sea Dogs : LHP Pabiyan Ajiganoff
Batting: LHB Mies Lumme 0-0: Called Strike
0-1: Ball
1-1: Called Strike
1-2: Foul Ball, location: 2F
1-2: Ground out 1-3 (Groundball, 15S, EV 71.9 MPH)
Batting: RHB Bang-xao Li 0-0: Called Strike
0-1: Ball
1-1: Ball
2-1: Called Strike
2-2: Ground out 5-3 (Groundball, 56, EV 103.1 MPH)
Batting: RHB Rich Kelley 0-0: Called Strike
0-1: Foul Ball, location: 2F
0-2: Ball
1-2: Foul Ball, location: 2F
1-2: Ball
2-2: Foul Ball, location: 2F
2-2: Foul Ball, location: 2F
2-2: Ground out 4-3 (Groundball, 4, EV 90.0 MPH)
Top of the 3rd over - 0 runs, 0 hits, 0 errors, 0 left on base; Northwest Territory 3 - Maine 0
BOTTOM OF THE 3RD
Maine Sea Dogs batting - Pitching for Northwest Territory Beavers : RHP Rob Bates
Batting: LHB Héctor Ancelno 0-0: Called Strike
0-1: Foul Ball, location: 2F
0-2: Strikes out looking
Batting: RHB Max Brown 0-0: Ball
1-0: Swinging Strike
1-1: Ball
2-1: Swinging Strike
2-2: Strikes out swinging
Batting: RHB Ernest Bonner 0-0: Ball
1-0: Fly out, F7 (Flyball, 78M, EV 86.9 MPH)
Bottom of the 3rd over - 0 runs, 0 hits, 0 errors, 0 left on base; Northwest Territory 3 - Maine 0
TOP OF THE 4TH
Northwest Territory Beavers batting - Pitching for Maine Sea Dogs : LHP Pabiyan Ajiganoff
Batting: RHB Benigno Bachelay 0-0: Ball
1-0: Ball
2-0: Ball
3-0: Called Strike
3-1: Base on Balls
Batting: LHB Rob Litten 0-0: Ball
1-0: Fly out, F8 (Line Drive, 8RD, EV 101.9 MPH)
Batting: RHB Bartolo Cortéz 0-0: Ball
1-0: Swinging Strike
1-1: Called Strike
1-2: Foul Ball, location: 2F
1-2: Foul Ball, location: 2F
1-2: Ball
2-2: Strikes out swinging
Batting: RHB John Warren 0-0: Called Strike
0-1: Swinging Strike
0-2: Ball
1-2: Strikes out looking
Top of the 4th over - 0 runs, 0 hits, 0 errors, 1 left on base; Northwest Territory 3 - Maine 0
BOTTOM OF THE 4TH
Maine Sea Dogs batting - Pitching for Northwest Territory Beavers : RHP Rob Bates
Batting: LHB Bill Fisher 0-0: Fly out, F5 (Popup, 5, EV 75.6 MPH)
Batting: RHB Jesús Bonilla 0-0: Ball
1-0: Called Strike
1-1: Ball
2-1: Fly out, F6 (Line Drive, 6, EV 67.5 MPH)
Batting: RHB Michael Lindsey 0-0: Ball
1-0: Called Strike
1-1: Ball
2-1: Swinging Strike
2-2: SINGLE (Groundball, 6MD, EV 94.4 MPH)
Batting: LHB Juan Sapinoso 0-0: Foul Ball, location: 2F
0-1: Ball
1-1: Ball
2-1: Fly out, F7 (Flyball, 7D, EV 100.0 MPH)
Bottom of the 4th over - 0 runs, 1 hit, 0 errors, 1 left on base; Northwest Territory 3 - Maine 0
TOP OF THE 5TH
Northwest Territory Beavers batting - Pitching for Maine Sea Dogs : LHP Pabiyan Ajiganoff
Batting: RHB Art Hensley 0-0: Ball
1-0: Called Strike
1-1: Ball
2-1: Ball
3-1: Called Strike
3-2: Foul Ball, location: 2F
3-2: DOUBLE (Flyball, 8RXD, EV 104.4 MPH)
Pitching: RHP Tony Figueroa
Batting: RHB Jeffrey Turner 0-0: Ball
1-0: Ground out 4-3 (Groundball, 4, EV 90.0 MPH)
Art Hensley to third
Batting: LHB Mies Lumme 0-0: Ball
1-0: Ball
2-0: SINGLE (Line Drive, 9S, EV 98.1 MPH)
Art Hensley scores
Batting: RHB Bang-xao Li 0-0: Ball
1-0: Fly out, F7 (Flyball, 78XD, EV 85.6 MPH)
Batting: RHB Rich Kelley 0-0: Ball
1-0: Ball
2-0: Ball
3-0: Called Strike
3-1: Fly out, F8 (Flyball, 8RXD, EV 94.4 MPH)
Top of the 5th over - 1 run, 2 hits, 0 errors, 1 left on base; Northwest Territory 4 - Maine 0
BOTTOM OF THE 5TH
Maine Sea Dogs batting - Pitching for Northwest Territory Beavers : RHP Rob Bates
Batting: SHB George McMahon 0-0: Ball
1-0: SINGLE (Groundball, 4, EV 79.4 MPH) (infield hit)
Batting: RHB Michael Weber 0-0: Foul Ball, location: 2F
0-1: Ground out U3 (Groundball, 3S, EV 81.9 MPH)
George McMahon to second
Batting: LHB Héctor Ancelno 0-0: Foul Ball, location: 2F
0-1: Ground out 5-3 (Groundball, 5, EV 88.8 MPH)
Batting: RHB Max Brown 0-0: Called Strike
0-1: Swinging Strike
0-2: Strikes out swinging
Bottom of the 5th over - 0 runs, 1 hit, 0 errors, 1 left on base; Northwest Territory 4 - Maine 0
TOP OF THE 6TH
Northwest Territory Beavers batting - Pitching for Maine Sea Dogs : RHP Tony Figueroa
Batting: RHB Benigno Bachelay 0-0: Called Strike
0-1: Ball
1-1: Ground out 5-3 (Groundball, 56S, EV 75.6 MPH)
Batting: LHB Rob Litten 0-0: Foul Ball, location: 2F
0-1: Called Strike
0-2: Ball
1-2: Ball
2-2: Ball
3-2: Base on Balls
Batting: RHB Bartolo Cortéz 0-0: SINGLE (Line Drive, 89S, EV 90.6 MPH)
Rob Litten to second
Runner from 2nd tries for 3rd, SAFE, throw by CF made to third
Batting: RHB John Warren 0-0: Ball
1-0: Ball
2-0: Foul Ball, location: 2F
2-1: Foul Ball, location: 2F
2-2: Strikes out swinging
Batting: RHB Art Hensley 0-0: Called Strike
0-1: Foul Ball, location: 2F
0-2: Foul Ball, location: 2F
0-2: Ball
1-2: Foul Ball, location: 2F
1-2: TRIPLE (Flyball, 9D, EV 98.1 MPH)
Rob Litten scores
Bartolo Cortéz scores
Batting: RHB Jeffrey Turner 0-0: Called Strike
0-1: Called Strike
0-2: Strikes out looking
Top of the 6th over - 2 runs, 2 hits, 0 errors, 1 left on base; Northwest Territory 6 - Maine 0
BOTTOM OF THE 6TH
Maine Sea Dogs batting - Pitching for Northwest Territory Beavers : RHP Rob Bates
Batting: RHB Ernest Bonner 0-0: Ground out 5-3 (Groundball, 56, EV 80.6 MPH)
Batting: LHB Bill Fisher 0-0: Swinging Strike
0-1: Foul Ball, location: 2F
0-2: Strikes out swinging
Batting: RHB Jesús Bonilla 0-0: Called Strike
0-1: Ground out 5-3 (Groundball, 56, EV 85.6 MPH)
Bottom of the 6th over - 0 runs, 0 hits, 0 errors, 0 left on base; Northwest Territory 6 - Maine 0
TOP OF THE 7TH
Northwest Territory Beavers batting - Pitching for Maine Sea Dogs : RHP Tony Figueroa
Batting: LHB Mies Lumme 0-0: Ball
1-0: Called Strike
1-1: Ball
2-1: SINGLE (Groundball, 4MD, EV 107.5 MPH)
Pitching: RHP Jen-ta Liao
Batting: RHB Bang-xao Li 0-0: Ball
1-0: Ball
2-0: Ball
3-0: Called Strike
3-1: Fly out, F9 (Flyball, 9S, EV 78.1 MPH)
Batting: RHB Rich Kelley 0-0: Called Strike
0-1: Foul Ball, location: 2F
0-2: Ball
1-2: Foul Ball, location: 2F
1-2: Fly out, F9 (Flyball, 89S, EV 88.8 MPH)
Batting: RHB Benigno Bachelay 0-0: Fielders Choice at 2nd, 5-4 (Groundball, 56, EV 87.5 MPH)
Top of the 7th over - 0 runs, 1 hit, 0 errors, 1 left on base; Northwest Territory 6 - Maine 0
BOTTOM OF THE 7TH
Maine Sea Dogs batting - Pitching for Northwest Territory Beavers : RHP Rob Bates
Batting: RHB Michael Lindsey 0-0: Ball
1-0: Ball
2-0: Called Strike
2-1: Foul Ball, location: 2F
2-2: Ball
3-2: Foul Ball, location: 2F
3-2: Strikes out swinging
Batting: LHB Juan Sapinoso 0-0: Called Strike
0-1: Hit by Pitch
Batting: SHB George McMahon 0-0: Ball
1-0: Foul Ball, location: 2F
1-1: Ground out 5-3 (Groundball, 56S, EV 68.8 MPH)
Juan Sapinoso to second
Batting: RHB Michael Weber 0-0: Foul Ball, location: 2F
0-1: Foul Ball, location: 2F
0-2: Strikes out swinging
Bottom of the 7th over - 0 runs, 0 hits, 0 errors, 1 left on base; Northwest Territory 6 - Maine 0
TOP OF THE 8TH
Northwest Territory Beavers batting - Pitching for Maine Sea Dogs : RHP Jen-ta Liao
Batting: LHB Rob Litten 0-0: Called Strike
0-1: SINGLE (Line Drive, 78M, EV 110.6 MPH)
Batting: RHB Bartolo Cortéz 0-0: Ball
1-0: Ball
Rob Litten steals 2nd base
2-0: SINGLE (Groundball, 34D, EV 98.1 MPH)
Rob Litten to third
Runner from 3rd tries for Home, SAFE, no throw by RF
Batting: RHB John Warren 0-0: Ball
1-0: Ball
2-0: Foul Ball, location: 2F
2-1: Ball
3-1: Foul Ball, location: 2F
3-2: Strikes out looking
Pinch Hitting: RHB Rodrigo Martínez 0-0: Ball
1-0: Swinging Strike
1-1: Foul Ball, location: 2F
1-2: Strikes out looking
Batting: RHB Jeffrey Turner 0-0: Ball
1-0: Fielders Choice at 2nd, 5-4 (Groundball, 5, EV 103.8 MPH)
Top of the 8th over - 1 run, 2 hits, 0 errors, 1 left on base; Northwest Territory 7 - Maine 0
BOTTOM OF THE 8TH
Maine Sea Dogs batting - Pitching for Northwest Territory Beavers : RHP Rob Bates
Now in LF: Rodrigo Martínez
Batting: LHB Héctor Ancelno 0-0: Ball
1-0: Ball
2-0: Ball
3-0: Base on Balls
Batting: RHB Max Brown 0-0: Called Strike
0-1: Foul Ball, location: 2F
0-2: Strikes out swinging
Batting: RHB Ernest Bonner 0-0: Foul Ball, location: 2F
0-1: Ball
1-1: Swinging Strike
1-2: SINGLE (Groundball, 4D, EV 99.4 MPH)
Héctor Ancelno to second
Batting: LHB Bill Fisher 0-0: Fielders Choice at 2nd, 6-4 (Groundball, 56, EV 81.9 MPH)
Héctor Ancelno to third
Batting: RHB Jesús Bonilla 0-0: Ball
1-0: SINGLE (Groundball, 56D, EV 96.9 MPH)
Héctor Ancelno scores
Bill Fisher to second
Pitching: RHP Christian Hebert
Batting: RHB Michael Lindsey 0-0: Ball
1-0: Called Strike
1-1: Fly out, F8 (Flyball, 8LD, EV 96.9 MPH)
Bottom of the 8th over - 1 run, 2 hits, 0 errors, 2 left on base; Northwest Territory 7 - Maine 1
TOP OF THE 9TH
Northwest Territory Beavers batting - Pitching for Maine Sea Dogs : RHP Jen-ta Liao
Batting: LHB Mies Lumme 0-0: SOLO HOME RUN (Flyball, 7D, EV 106.2 MPH), Distance : 367 ft
Batting: RHB Bang-xao Li 0-0: Foul Ball, location: 2F
0-1: Called Strike
0-2: Ball
1-2: Strikes out swinging
Batting: RHB Rich Kelley 0-0: Called Strike
0-1: Ball
1-1: Foul Ball, location: 2F
1-2: Ball
2-2: Ball
3-2: Foul Ball, location: 2F
3-2: SINGLE (Line Drive, 78S, EV 95.0 MPH)
Batting: RHB Benigno Bachelay 0-0: Called Strike
0-1: SINGLE (Line Drive, 89M, EV 95.0 MPH)
Rich Kelley to second
Pinch Hitting: LHB Enrico Flores 0-0: Ball
1-0: Ball
2-0: Ball
3-0: Base on Balls
Rich Kelley to third
Benigno Bachelay to second
Pinch Hitting: RHB Jean-Pierre Alix 0-0: Ball
1-0: Ball
2-0: Swinging Strike
2-1: Ball
Wild Pitch!
Rich Kelley scores
Benigno Bachelay to third
Enrico Flores to second
3-1: Foul Ball, location: 2F
3-2: Strikes out swinging
Batting: RHB John Warren 0-0: Ball
1-0: Called Strike
1-1: Called Strike
1-2: Ball
2-2: Ball
3-2: Ground out 6-3 (Groundball, 6, EV 84.4 MPH)
Top of the 9th over - 2 runs, 3 hits, 0 errors, 2 left on base; Northwest Territory 9 - Maine 1
BOTTOM OF THE 9TH
Maine Sea Dogs batting - Pitching for Northwest Territory Beavers : RHP Christian Hebert
Now at C: Jean-Pierre Alix
Now in RF: Enrico Flores
Pinch Hitting: RHB Rutger McGroarty 0-0: Ball
1-0: Called Strike
1-1: Ground out 6-3 (Groundball, 6, EV 78.1 MPH)
Pinch Hitting: RHB Joe Fuller 0-0: Called Strike
0-1: Swinging Strike
0-2: Foul Ball, location: 2F
0-2: Fly out, F9 (Line Drive, 9, EV 96.9 MPH)
Batting: RHB Michael Weber 0-0: Called Strike
0-1: Ball
1-1: Foul Ball, location: 2F
1-2: Ball
2-2: SINGLE (Groundball, 4S, EV 76.2 MPH) (infield hit)
Batting: LHB Héctor Ancelno 0-0: Called Strike
0-1: Ball
1-1: Swinging Strike
1-2: Foul Ball, location: 2F
1-2: Strikes out swinging
Bottom of the 9th over - 0 runs, 1 hit, 0 errors, 1 left on base; Northwest Territory 9 - Maine 1
Tuesday, January 5th, 2021 - OOTP Baseball 20.8 Build 74